AoeStats
← flusha

Fortress

510463927Analyzed
1v1 RM · 1d ago on Oct 1, 2026· 50m 36s· 2 players
Game mode
Random Map
Map size
Small (3 player)
Population
200
Speed
Normal
Resources
Standard
Victory
Conquest
Starting age
Dark Age
Ending age
Imperial Age
RankedLock teamsTeams togetherTeam positionsShared explorationLock speedFull tech treeHidden civsTurbo modeCheats
Victory
Defeat
🇦🇺 Khmer · Australia
1030
+16
🇦🇷 Britons · Argentina
1024
-16
flusha
9:42 Feudal Age
11:05 Wheelbarrow
11:11 Double-Bit Axe
11:20 Horse Collar
13:33 Gold Mining
16:21 Castle Age
15:02 Fletching
15:13 Padded Archer Armor
14:48 Man-at-Arms
15:51 Scale Barding Armor
16:02 Stone Mining
17:37 Hand Cart
18:11 Husbandry
18:17 Loom
19:27 Bow Saw
21:09 Heavy Plow
22:06 Ballistics
22:08 Bodkin Arrow
22:32 Fervor
23:52 Chain Barding Armor
24:57 Leather Archer Armor
25:22 Gold Shaft Mining
27:28 Sanctity
27:06 Town Watch
28:35 Yeomen
28:27 Murder Holes
27:56 Pikeman
28:21 Gambesons
29:34 Town Patrol
33:28 Imperial Age
34:38 Conscription
34:11 Halberdier
34:56 Bracer
34:57 Scale Mail Armor
35:48 Forging
36:28 Block Printing
36:50 Ring Archer Armor
36:36 Chain Mail Armor
37:19 Warwolf
38:18 Plate Barding Armor
37:28 Cranequins
39:19 Coinage
39:33 Illumination
41:26 Elite Longbowman
44:40 Iron Casting
44:22 Chain Mail Armor
47:27 Banking
Meerkat General
6:39 Feudal Age
12:51 Castle Age
10:38 Loom
10:45 Double-Bit Axe
11:27 Scale Barding Armor
13:46 Bloodlines
13:38 Husbandry
14:33 Light Cavalry
16:40 Horse Collar
17:38 Wheelbarrow
18:31 Forging
19:19 Bow Saw
21:23 Town Watch
22:44 Tusk Swords
23:59 Heavy Plow
24:45 Fletching
27:03 Chain Barding Armor
33:01 Iron Casting
38:12 Imperial Age
36:59 Devotion
38:30 Heated Shot
38:53 Masonry
39:05 Ballistics
39:00 Double Crossbow
38:34 Hussar
41:17 Conscription
41:11 Bodkin Arrow
42:55 Hand Cart
42:41 Town Patrol
43:29 Plate Barding Armor
43:55 Blast Furnace
44:22 Bracer
44:07 Capped Ram
45:25 Siege Ram
Connection lost

Rejoining the realm…

Still unreachable

The connection could not be restored.

Session expired

The server has moved on; the page needs a fresh start.